 Dungeon Crawl Stone Soup version 0.21.1-1-g345015f (webtiles) character file.

531 Monsterracer the Ducker (level 7, 0/38 HPs)
             Began as a Spriggan Berserker on May 25, 2018.
             Was a Priest of Trog.
             Slain by an iguana (9 damage)
             ... on level 5 of the Dungeon.
             The game lasted 00:06:24 (3200 turns).

Monsterracer the Ducker (Spriggan Berserker)        Turns: 3200, Time: 00:06:24

Health: 0/38       AC:  6    Str: 13    XL:     7   Next: 3%
Magic:  8/8        EV: 22    Int:  9    God:    Trog [***...]
Gold:   159        SH:  0    Dex: 17    Spells: 6/6 levels left

rFire    . . .     SeeInvis +   a - +1 short sword
rCold    . . .     Gourm    +   (shield restricted)
rNeg     . . .     Faith    .   b - +1 animal skin
rPois    .         Spirit   .   (helmet restricted)
rElec    .         Reflect  .   i - +2 cloak
rCorr    .         Harm     .   (gloves unavailable)
MR       +....                  (boots unavailable)
Stlth    ++........             r - amulet of the gourmand
HPRegen  0.12/turn              (no ring)
MPRegen  0.11/turn              m - ring of loudness (curse)

@: very quick
A: very small, unfitting armour, see invisible, herbivore, speed 3, slow
metabolism 2
a: Berserk, Trog's Hand, Burn Spellbooks, Renounce Religion


You were on level 5 of the Dungeon.
You worshipped Trog.
Trog was most pleased with you.
You were not hungry.

You visited 1 branch of the dungeon, and saw 5 of its levels.

You collected 159 gold pieces.

Inventory:

Hand Weapons
 a - a +1 short sword (weapon)
 n - a +0 dagger
Missiles
 g - 49 bolts
Armour
 b - a +1 animal skin (worn)
 i - a +2 cloak (worn)
Jewellery
 m - a cursed ring of loudness (right hand)
 r - an amulet of the gourmand (around neck)
Scrolls
 f - 3 scrolls of enchant armour
 k - 2 scrolls of remove curse
 q - a scroll of fear {!r}
Potions
 d - 2 potions of resistance
 e - a potion of mutation {!q}
 h - 2 potions of haste
 j - a potion of might
 l - 2 potions of degeneration
 o - a potion of lignification {unknown}
 p - a potion of curing {unknown}
 s - 2 potions of invisibility {unknown}
Comestibles
 c - 3 rations


   Skills:
 * Level 4.3 Fighting
 * Level 5.6 Short Blades
 + Level 6.2 Dodging
 + Level 4.5 Stealth


You had 6 spell levels left.
You didn't know any spells.

Dungeon Overview and Level Annotations

Branches:
Dungeon (5/15)
 Temple: D:4-7

Altars:
Ashenzari
Cheibriados
Nemelex Xobeh
Okawaru
Ru
Trog
Uskayaw
Vehumet
Xom


Innate Abilities, Weirdness & Mutations

You are very small and have problems with some larger weapons.
You are too small for most types of armour.
You have supernaturally acute eyesight. (SInv)
You are a herbivore.
You cover ground extremely quickly.
You need consume almost no food.


Message History

The sky beast is severely wounded.
The sky beast hits you but does no damage.
You closely miss the sky beast.
The sky beast is severely wounded.
The sky beast misses you.
You hit the sky beast but do no damage.
The sky beast is severely wounded.
The sky beast misses you.
You barely miss the sky beast.
The sky beast is severely wounded.
The sky beast closely misses you.
You hit the sky beast.
The sky beast is severely wounded.
The sky beast completely misses you.
You hit the sky beast.
The sky beast is severely wounded.
You hit the sky beast.
The sky beast is almost dead.
The sky beast hits you. The sky beast shocks you.
You take 8 damage, and have 25/33 hp.
MASSIVE DAMAGE!!
You barely miss the sky beast.
The sky beast is almost dead.
The sky beast closely misses you.
You miss the sky beast.
The sky beast is almost dead.
The sky beast hits you. The sky beast shocks you.
You take 8 damage, and have 17/33 hp.
MASSIVE DAMAGE!!
You hit the sky beast.
You kill the sky beast!
Trog accepts your kill.
You have reached level 7!
You regained 3 hp, and now have 20/38 hp.
MP restored: 8 You start resting.
You are feeling hungry.
You regained 11 hp, and now have 31/38 hp.
You start resting.
HP restored.
Health restored: 38 You eat one of the 4 rations.
That ration really hit the spot!
You climb downwards.
The iguana completely misses you. x2
There is a stone staircase leading up here.
You hit the iguana.
The iguana is moderately wounded.
The iguana completely misses you. The iguana misses you.
You hit the iguana.
The iguana is heavily wounded.
The iguana barely misses you. The iguana closely misses you.
You hit the iguana.
The iguana is severely wounded.
The iguana bites you but does no damage.
The iguana closely misses you.
You hit the iguana.
The iguana is severely wounded.
You completely miss the iguana.
The iguana is severely wounded.
The iguana bites you. The iguana closely misses you.
You take 1 damage, and have 37/38 hp.
You closely miss the iguana.
The iguana is severely wounded.
The iguana bites you! The iguana barely misses you.
You take 13 damage, and have 24/38 hp.
MASSIVE DAMAGE!!
You are too injured to fight recklessly!
You are too injured to fight recklessly!
You are too injured to fight recklessly!
You are too injured to fight recklessly!
You closely miss the iguana.
The iguana is severely wounded.
The iguana completely misses you. The iguana misses you.
You closely miss the iguana.
The iguana is severely wounded.
The iguana bites you!
* * * LOW HITPOINT WARNING * * *
The iguana completely misses you.
You take 10 damage, and have 14/38 hp.
MASSIVE DAMAGE!!
You hit the iguana but do no damage.
The iguana is severely wounded.
The iguana misses you. x2
You hit the iguana.
The iguana is almost dead.
You hit the iguana.
The iguana is almost dead.
The iguana completely misses you. The iguana barely misses you.
You barely miss the iguana.
The iguana is almost dead.
The iguana closely misses you. The iguana bites you.
* * * LOW HITPOINT WARNING * * *
You take 5 damage, and have 9/38 hp.
You hit the iguana.
The iguana is almost dead.
The iguana misses you. The iguana closely misses you.
You hit the iguana but do no damage.
The iguana is almost dead.
The iguana misses you. x2
You hit the iguana but do no damage.
The iguana is almost dead.
You closely miss the iguana.
The iguana is almost dead.
The iguana bites you!
You die...

######
##.....##
##..[....#
#.........
#.$....%..
#.........
#l.......(
#@l.......
#.........
#..........
............
#.##.........
...
#.........
...
##.......# ..
##.....##


You could see 2 iguanas.

Vanquished Creatures
  The ghost of Setanta the Ducker, an amateur OpFi (D:3)
  A sky beast (D:4)
  An ogre (D:4)
  A bullfrog skeleton (D:4)
  A worker ant (D:4)
  A gnoll (D:1)
  7 adders
  2 oozes
  4 worms
  3 dart slugs
  3 leopard geckos
  6 orcs
  3 giant cockroaches
  7 goblins
  5 hobgoblins
  3 jackals (D:1)
  9 kobolds
  2 quokkas
  6 ball pythons
  6 bats
  7 frilled lizards
  6 rats
85 creatures vanquished.

Vanquished Creatures (others)
  4 toadstools (D:1)
4 creatures vanquished.

Grand Total: 89 creatures vanquished

Notes
Turn   | Place    | Note
-------+----------+-------------------------------------------
     0 | D:1      | Monsterracer the Spriggan Berserker began the quest for the Orb.
     0 | D:1      | Reached XP level 1. HP: 11/11 MP: 2/2
   110 | D:1      | Reached skill level 1 in Stealth
   114 | D:1      | Reached XP level 2. HP: 16/16 MP: 3/3
   237 | D:1      | Reached XP level 3. HP: 19/19 MP: 4/4
   393 | D:1      | Reached ** piety under Trog
   505 | D:2      | Found a hide-covered altar of Uskayaw.
   596 | D:2      | Found a shimmering altar of Xom.
   679 | D:2      | Reached skill level 5 in Dodging
   756 | D:2      | HP: 10/20 [worm (10)]
   781 | D:2      | Found a radiant altar of Vehumet.
   920 | D:2      | Found a sparkling altar of Nemelex Xobeh.
   930 | D:2      | Reached XP level 4. HP: 16/24 MP: 5/5
  1505 | D:3      | Reached *** piety under Trog
  1527 | D:3      | Noticed Setanta's ghost (amateur OpFi)
  1542 | D:3      | Killed Setanta's ghost
  1542 | D:3      | Reached XP level 5. HP: 29/29 MP: 6/6
  1713 | D:3      | Found a snail-covered altar of Cheibriados.
  1782 | D:3      | Found an iron altar of Okawaru.
  1783 | D:3      | Found a bloodstained altar of Trog.
  1838 | D:3      | Found an iron altar of Okawaru.
  2144 | D:4      | Reached XP level 6. HP: 33/33 MP: 7/7
  2253 | D:4      | Reached skill level 5 in Short Blades
  2283 | D:4      | Found a sacrificial altar of Ru.
  2517 | D:4      | HP: 16/33 [ogre/giant club (17)]
  2523 | D:4      | Reached skill level 6 in Dodging
  2935 | D:4      | Found a shattered altar of Ashenzari.
  3014 | D:5      | Entered Level 5 of the Dungeon
  3014 | D:5      | Noticed a sky beast
  3036 | D:4      | Killed a sky beast
  3036 | D:4      | Reached XP level 7. HP: 20/38 MP: 8/8
  3192 | D:5      | HP: 14/38 [iguana (10)]
  3200 | D:5      | Slain by an iguana

Skill      XL: |  1  2  3  4  5  6 |
---------------+-------------------+-----
Stealth        | 1 2 3 4 |  4.5
Fighting       | 3 4 |  4.3
Dodging        | 5 6 |  6.2
Short Blades   | 4 5 |  5.6

Action                   |  1- 3 |  4- 6 |  7- 9 || total
-------------------------+-------+-------+-------++-------
Melee: Short sword       |   114 |   220 |    16 ||   350
Invok: Berserk           |     4 |     1 |       ||     5
       Trog's Hand       |       |     2 |       ||     2
  Use: Scroll            |    10 |     5 |       ||    15
 Stab: Sleeping          |       |     2 |       ||     2
  Eat: Ration            |     1 |     2 |     1 ||     4
Armor: Animal skin       |     9 |    12 |     1 ||    22
Dodge: Dodged            |    96 |   153 |    21 ||   270

Vault maps used:
D:1:      ldierk_water_garden, minmay_tiny_reverse_x
D:2:      marbit_many_paths, vehumet_crystals, eat_drink_and_be_merry_uskayaw,
          nemelex_dance_club_becter
D:3:      kennysheep_slug_shrine, gammafunk_temple_overflow_pools,
          okawaru_gym_becter
D:4:      overflow_temple_1_default, lemuel_coloured_pillars_altar
D:5:      first_ration, minmay_misc_feat_x, hangedman_decor_riveting,
          sword_in_stone, uniq_menkaure, uniq_eustachio, uniq_grinder
